Map: 乌雷纳

Players

平步青云 - Winner!

  • Race: Terran Terran

电脑难度 (极难)

  • Race: Terran Terran

VOD

Have the link to the VOD?

Description

Time

  • Played on: Jan. 1, 2016, 6:09 a.m.
  • Length: 32:44
Show
View Real Time Build Order
Export as new Build Order

平步青云 Terran - Winner!

Build Orders:  

Get SALT Encoding   

  12  0:01  SCV  
  13  0:13  SCV  
  14  0:20  Supply Depot  
  14  0:25  SCV  
  15  0:40  Refinery  
  15  0:42  SCV  
  16  0:46  Barracks  
  16  0:54  SCV  
  17  1:07  SCV  
  18  1:19  SCV  
  19  1:31  SCV  
  20  1:34  Supply Depot, Marine  
  21  1:47  Factory  
  21  1:49  Orbital Command  
  21  1:52  Marine  
  22  2:02  Supply Depot  
  22  2:10  Marine  
  22  2:15  SCV  
  24  2:27  SCV, Marine  
  26  2:31  Refinery  
  26  2:34  Starport  
  26  2:39  SCV, Factory Reactor  
  27  2:49  Barracks Tech Lab  
  27  2:51  SCV  
  28  3:09  Marine  
  29  3:18  Barracks  
  29  3:20  Hellion x2  
  29  3:25  Starport Tech Lab  
  29  3:26  Marine  
  34  3:44  Command Center, Marine  
  35  3:50  Hellion  
  35  3:51  Hellion  
  39  4:07  Supply Depot  
  39  4:08  Barracks Reactor  
  39  4:16  Starport  
  39  4:30  Supply Depot  
  39  4:43  Marine  
  40  4:47  Hellion x2  
  44  4:57  Starport Reactor  
  44  5:01  Marine  
  45  5:27  Marine x2  
  47  5:29  Marauder  
  49  5:52  Liberator  
  49  5:58  SCV  
  49  6:02  SCV  
  51  6:07  Medivac x2  
  51  6:10  SCV  
  59  6:14  SCV, Siege Tank  
  63  6:20  Engineering Bay  
  63  6:22  SCV  
  64  6:27  SCV  
  65  6:34  SCV  
  65  6:39  SCV  
  67  6:42  Marine x2  
  67  6:47  SCV  
  70  6:48  Supply Depot  
  70  6:52  Liberator  
  70  7:07  Command Center  
  70  7:10  Supply Depot, Marauder  
  75  7:26  Marine x2  
  77  7:31  Siege Tank  
  77  7:32  Marauder  
  77  7:33  Supply Depot, Medivac  
  84  7:37  SCV  
  84  7:41  Refinery  
  84  7:43  Refinery  
  85  7:45  Marine  
  86  7:54  SCV, Marine x2  
  86  7:55  Supply Depot  
  89  8:04  Siege Tank  
  92  8:07  SCV  
  93  8:17  Supply Depot  
  93  8:19  SCV  
  94  8:22  Refinery  
  94  8:23  SCV  
  94  8:24  SCV, Refinery  
  93  8:35  SCV  
  93  8:36  SCV  
  93  8:40  Supply Depot  
  92  8:47  SCV  
  93  8:48  SCV  
  94  8:56  Medivac x2  
  94  8:58  Marine x2  
  94  8:59  SCV, Marauder  
  103  9:02  Supply Depot  
  103  9:04  SCV  
  103  9:09  Liberator  
  103  9:16  SCV  
  99  9:24  Marine x2  
  99  9:25  Supply Depot, Marauder  
  99  9:27  Siege Tank  
  99  9:28  SCV, Medivac x2  
  95  9:40  SCV  
  95  9:42  Marine x2  
  98  9:46  SCV  
  98  9:47  SCV, Marauder  
  103  9:52  SCV  
  103  9:55  Medivac  
  103  9:58  SCV, Medivac  
  103  9:59  SCV, Siege Tank  
  112  10:00  Marine x2  
  114  10:08  Marauder  
  116  10:27  Barracks  
  116  10:46  Planetary Fortress  
  116  10:57  Supply Depot  
  116  11:02  Viking  
  116  11:03  Viking  
  120  11:05  Viking x2  
  124  11:19  Supply Depot  
  124  11:21  Planetary Fortress  
  124  11:30  Marine x2  
  124  11:32  Marauder  
  128  11:35  Barracks Reactor  
  128  11:37  Viking x4  
  139  11:40  Siege Tank  
  139  11:43  Supply Depot  
  139  11:54  Marine x2  
  139  11:55  Marine  
  142  12:05  Supply Depot  
  142  12:12  Marine x2  
  140  12:17  Marine  
  140  12:18  Marine x2  
  143  12:30  Supply Depot  
  143  12:33  Viking x3  
  143  12:34  Siege Tank  
  149  12:53  Supply Depot  
  116  13:08  Marine x3  
  116  13:09  Marauder, Marine  
  116  13:11  Siege Tank  
  122  13:13  Viking x2, Medivac  
  122  13:14  Viking  
  130  13:26  Marine  
  131  13:31  Marauder  
  133  13:37  SCV  
  133  13:40  Marine x2  
  133  13:41  Marine  
  137  13:43  Siege Tank  
  137  13:44  Viking x3, Marine  
  137  13:45  Viking  
  137  13:48  Terran Infantry Weapons Level 1  
  149  13:50  SCV  
  149  13:52  Marauder  
  152  14:02  SCV  
  153  14:10  Sensor Tower  
  153  14:12  Marine x2  
  153  14:13  Marauder, Marine x2  
  153  14:14  SCV  
  153  14:15  Siege Tank  
  153  14:16  Viking x2  
  167  14:17  Viking x2  
  171  14:26  SCV  
  171  14:30  Marine x2  
  174  14:35  Marauder  
  174  14:46  Viking, Medivac  
  174  14:47  Viking x2, Siege Tank  
  174  14:48  Marine x3  
  174  14:49  Marine  
  189  14:56  Marauder  
  191  15:06  Marine x2  
  189  15:19  Siege Tank  
  192  15:42  Terran Infantry Armor Level 1  
  192  15:46  Marine x5  
  197  16:02  Siege Tank  
  188  16:05  Marauder  
  176  16:15  Viking x4  
  176  16:18  Marine x3  
  183  16:34  Siege Tank  
  186  16:43  SCV  
  186  16:45  Viking x2, Marine x4  
  186  16:46  Marine  
  196  16:52  Orbital Command  
  196  16:55  SCV  
  197  17:10  SCV, Marine  
  197  17:11  Marine  
  154  17:23  Marine x3  
  154  17:25  Siege Tank  
  154  17:27  Viking  
  154  17:28  Marine  
  154  17:29  Marine  
  159  17:57  Siege Tank  
  162  18:05  Marine x3  
  162  18:06  Marine x2  
  162  18:09  Viking  
  169  18:18  Refinery  
  169  18:22  Refinery  
  169  18:23  Marine x4  
  173  18:30  Siege Tank  
  132  18:51  Marine x5  
  132  18:54  Medivac x4  
  145  19:02  Siege Tank  
  148  19:17  Marine x4  
  152  19:32  Medivac x4  
  152  19:34  Marine  
  157  20:02  Viking x3  
  157  20:24  Marine x4  
  157  20:26  Siege Tank  
  157  20:27  Viking  
  133  20:32  Viking x2  
  137  20:38  Medivac  
  139  20:57  Viking  
  139  20:58  Siege Tank  
  139  21:02  Viking  
  139  21:03  Marine x2  
  139  21:04  Marine  
  109  21:46  Marine x3  
  109  21:47  Marine x2  
  112  21:52  Siege Tank  
  109  22:04  Marine x3  
  104  22:22  Marine x3  
  105  22:25  Siege Tank  
  105  22:26  Viking  
  109  22:57  Siege Tank  
  112  23:00  Marine x2  
  112  23:01  Marine  
  101  23:28  Marine x5  
  106  23:39  Siege Tank  
  108  23:46  Marine x4  
  108  24:00  SCV  
  109  24:11  Siege Tank  
  109  24:12  SCV  
  112  24:24  SCV  
  111  24:31  Marine x3  
  113  24:33  Medivac x2  
  117  24:44  Siege Tank  
  116  25:00  Marine x4  
  116  25:03  Medivac  
  118  25:16  Siege Tank  
  118  25:19  Marine x2  
  118  25:20  Marauder  
  122  25:40  Marine x2  
  121  26:20  Marine x5  
  126  26:38  Marine  
  121  27:27  Marine x4  
  124  28:02  Marine x2  
  124  28:03  Marine x3  
  129  28:06  Siege Tank  
  129  28:07  Medivac x3  
  138  28:19  Marine  
  138  28:20  Marine x3  
  138  28:21  Marine  
  127  28:38  Siege Tank  
  125  28:47  Marine x4  
  129  28:49  Marine  
  129  28:51  Viking, Medivac  
  129  28:52  Medivac x2  
  138  29:05  Marine  
  139  29:10  Siege Tank  
  142  29:18  Marine x4  
  142  29:21  Medivac x2  
  142  29:23  Marine  
  151  29:36  Marine  
  152  29:43  Siege Tank  
  153  29:46  Marine x3  
  153  29:47  Marine  
  153  29:49  Medivac x2  
  151  29:54  Marine  
  142  30:15  Siege Tank  
  135  30:31  Marine x5  
  139  30:47  Siege Tank  
  137  31:25  Marine x4  
  138  31:26  Marine  
  138  31:27  Siege Tank  
  138  31:28  Viking  
Show
View Real Time Build Order
Export as new Build Order

电脑难度 (极难) Terran 

Build Orders: Bio Tank, MMM Bio 

Get SALT Encoding   

  12  0:00  SCV  
  13  0:13  SCV  
  14  0:20  Supply Depot  
  14  0:25  SCV  
  15  0:29  Refinery  
  15  0:41  SCV  
  16  0:47  Barracks  
  16  0:54  SCV  
  17  1:06  SCV  
  17  1:09  Supply Depot  
  18  1:18  SCV  
  19  1:30  SCV  
  20  1:36  Factory  
  20  1:37  Marine  
  21  1:44  Barracks  
  21  1:45  SCV  
  22  1:55  Marine  
  22  1:57  SCV  
  24  2:02  Supply Depot  
  24  2:09  SCV  
  24  2:12  Marine  
  26  2:20  Factory Tech Lab  
  26  2:21  SCV  
  27  2:30  Marine  
  27  2:33  SCV  
  27  2:36  Marine  
  30  2:41  Siege Tank  
  33  2:45  SCV  
  34  3:08  SCV  
  34  3:09  Command Center  
  35  3:20  Refinery, Orbital Command  
  35  3:30  Marine  
  35  3:33  Marine  
  37  3:45  SCV  
  37  3:48  Marine  
  38  3:50  Supply Depot  
  39  4:01  Barracks  
  39  4:07  Barracks Tech Lab  
  39  4:11  Marine  
  39  4:12  SCV  
  41  4:19  Starport  
  41  4:20  SCV  
  43  4:24  SCV  
  43  4:31  Barracks Tech Lab, Marine  
  43  4:32  SCV  
  43  4:36  SCV  
  46  4:39  Stimpack  
  46  4:45  SCV  
  47  4:48  SCV  
  47  4:49  Combat Shields, Marine  
  49  4:55  Marine  
  49  4:56  Marine  
  49  4:57  SCV  
  52  5:00  SCV  
  52  5:07  Marine  
  53  5:09  SCV, Refinery  
  53  5:12  SCV  
  53  5:13  Marauder  
  58  5:15  Supply Depot, Barracks Reactor  
  58  5:21  SCV  
  59  5:23  Medivac  
  59  5:24  SCV  
  62  5:30  Refinery  
  62  5:33  Orbital Command  
  62  5:36  SCV  
  62  5:37  Marauder  
  62  5:38  Engineering Bay  
  62  5:42  Supply Depot, Marauder  
  67  5:49  SCV  
  67  5:53  Medivac  
  67  5:55  Marine  
  70  6:03  SCV, Marine  
  70  6:04  Terran Infantry Armor Level 1, Marauder  
  74  6:05  SCV  
  74  6:06  Supply Depot  
  74  6:10  Marauder  
  77  6:16  SCV  
  78  6:28  SCV x2, Marauder  
  78  6:30  Supply Depot  
  78  6:31  Marauder  
  84  6:40  SCV, Engineering Bay  
  84  6:42  Missile Turret  
  84  6:43  Missile Turret  
  84  6:44  SCV, Barracks  
  86  6:47  Command Center  
  86  6:51  Marauder  
  88  6:58  SCV x2, Supply Depot  
  88  7:00  Marauder  
  92  7:01  Concussive Shells  
  92  7:06  Terran Infantry Weapons Level 1, Starport Reactor  
  92  7:13  Marauder  
  94  7:19  Marine  
  94  7:20  Marine  
  94  7:21  Marauder  
  94  7:22  Supply Depot  
  98  7:31  Missile Turret  
  98  7:40  Factory  
  98  7:42  Viking, Medivac  
  98  7:44  Marauder, Missile Turret, Marine x2  
  105  7:45  Missile Turret  
  105  7:47  Supply Depot  
  106  7:59  SCV x2, Marauder  
  106  8:00  SCV  
  106  8:01  Starport  
  111  8:11  SCV x2, Medivac  
  111  8:12  Viking  
  117  8:13  SCV  
  117  8:17  Supply Depot  
  118  8:22  Missile Turret  
  118  8:23  SCV  
  118  8:25  SCV  
  118  8:26  Factory Tech Lab, Missile Turret, SCV  
  119  8:29  Marine  
  119  8:30  Marine  
  119  8:32  Marine  
  119  8:33  Marine  
  113  8:35  SCV  
  113  8:36  Marine  
  113  8:37  SCV  
  113  8:40  SCV  
  112  8:45  Viking  
  112  8:47  SCV, Marine  
  116  8:48  Marine  
  116  8:50  Orbital Command, Marine  
  116  8:51  Marine  
  116  8:54  Marine  
  116  8:55  Viking  
  122  8:59  Viking  
  124  9:04  Marine  
  124  9:06  Marine  
  124  9:08  Supply Depot, Marine  
  124  9:09  Marine  
  128  9:12  Marine  
  128  9:15  Viking  
  130  9:18  Armory  
  130  9:24  Siege Tank, Marauder  
  116  9:27  Marine  
  116  9:29  Marine  
  116  9:30  Marauder  
  103  9:37  Siege Tank  
  103  9:41  Marine  
  104  9:45  Marine  
  104  9:46  Marauder  
  104  9:47  Viking, Marine  
  104  9:52  Missile Turret, Marauder  
  112  9:56  Siege Tank  
  112  9:59  Marine  
  116  10:03  Marine  
  116  10:05  Marine  
  116  10:07  Terran Infantry Weapons Level 2, Marauder  
  118  10:13  Marauder  
  122  10:16  Hi-Sec Auto Tracking  
  122  10:17  Marine  
  122  10:18  Starport Tech Lab  
  122  10:21  Marine  
  123  10:23  Barracks  
  124  10:28  Command Center, Ghost Academy  
  124  10:29  Marauder  
  126  10:36  Raven  
  126  10:38  High Capacity Fuel Tanks, Marauder  
  130  10:43  Supply Depot, Barracks Tech Lab  
  130  10:45  Marine  
  130  10:46  Marine  
  132  10:50  Viking, Marauder  
  136  10:59  Marine  
  136  11:00  Refinery  
  136  11:01  Ghost  
  136  11:03  Marine  
  140  11:07  Supply Depot, Viking  
  140  11:11  Ghost  
  142  11:13  Building Armor  
  142  11:17  Marauder, Refinery, Terran Ship Weapons Level 1  
  146  11:19  Raven  
  146  11:22  Marine  
  146  11:23  Liberator, Marine  
  146  11:25  Marine  
  151  11:30  Marauder  
  151  11:32  Armory  
  153  11:33  Supply Depot  
  153  11:38  Marine  
  153  11:39  Marine  
  154  11:40  Marauder  
  154  11:41  SCV x2  
  154  11:42  SCV x2  
  164  11:52  Refinery, Marauder  
  164  11:53  SCV x2  
  164  11:54  SCV, Missile Turret, Planetary Fortress  
  169  11:55  Missile Turret  
  169  11:56  Marauder  
  169  11:58  Refinery  
  169  12:00  Supply Depot  
  171  12:01  Marauder  
  171  12:06  Personal Cloaking  
  173  12:10  SCV  
  173  12:13  Marauder  
  173  12:14  Siege Tank  
  178  12:22  Siege Tank  
  181  12:26  Supply Depot  
  181  12:37  Marine x2  
  181  12:41  Marine  
  181  12:43  Marine  
  183  12:44  Command Center  
  183  12:45  Widow Mine  
  183  12:46  Viking  
  183  12:50  Viking  
  183  12:51  Viking  
  185  12:54  Siege Tank  
  151  12:59  Marine x2  
  151  13:00  Marine x3  
  151  13:01  Marine  
  151  13:03  Liberator  
  126  13:06  Liberator  
  115  13:14  Widow Mine  
  115  13:16  Viking  
  115  13:17  Marine  
  115  13:18  Marauder x2, Marine  
  115  13:19  Marauder  
  127  13:26  Siege Tank  
  136  13:29  Liberator  
  136  13:31  Marine  
  137  13:35  Marine  
  137  13:36  Marine  
  137  13:39  Marine, Marauder  
  137  13:40  Marauder  
  144  13:43  Siege Tank  
  144  13:46  Liberator  
  150  13:48  Marine  
  150  13:53  Marine  
  150  13:54  Marine  
  150  13:55  Terran Infantry Weapons Level 3  
  153  13:58  Siege Tank, Marauder  
  153  14:00  Marine  
  153  14:01  Marauder  
  153  14:02  Terran Vehicle Weapons Level 1  
  161  14:07  Refinery, Medivac  
  166  14:11  Refinery  
  166  14:12  Marine x2  
  166  14:13  Marine  
  166  14:15  Terran Vehicle And Ship Armor Level 1, Widow Mine  
  166  14:16  Liberator  
  171  14:18  Marauder  
  171  14:19  Marine  
  171  14:22  Command Center, Marauder  
  171  14:24  Planetary Fortress  
  176  14:26  Missile Turret  
  176  14:28  Missile Turret  
  176  14:34  Widow Mine  
  176  14:37  Marauder  
  183  14:40  Marauder  
  183  14:42  Viking  
  187  14:46  Viking  
  189  14:59  Liberator  
  189  15:06  Missile Turret  
  189  15:07  Missile Turret  
  189  15:09  Missile Turret  
  189  15:12  Viking  
  181  15:16  Viking  
  181  15:17  Marauder  
  188  15:25  Liberator  
  188  15:32  Missile Turret  
  188  15:37  Marauder  
  188  15:40  Planetary Fortress  
  188  15:41  Refinery, Widow Mine  
  195  15:44  Missile Turret  
  195  15:46  Viking  
  195  15:47  Missile Turret  
  195  15:48  Missile Turret  
  197  15:50  Command Center, Refinery  
  197  15:59  Viking, Liberator  
  197  16:02  Terran Infantry Armor Level 2  
  190  16:07  Liberator  
  190  16:11  Siege Tank  
  187  16:12  Terran Vehicle Weapons Level 2, Liberator  
  190  16:23  Cyclone  
  199  16:35  Terran Ship Weapons Level 2  
  199  16:53  Liberator  
  199  17:02  Liberator  
  199  17:05  Planetary Fortress, Refinery  
  199  17:10  Viking, Missile Turret  
  199  17:11  Marauder  
  199  17:12  Siege Tank, Marauder  
  199  17:13  Missile Turret, Marauder  
  199  17:14  Siege Tank, Marine x3  
  195  17:16  Missile Turret  
  195  17:19  Refinery  
  159  17:23  Liberator  
  135  17:31  Marine  
  135  17:32  Marine x2  
  135  17:33  Marine, Marauder  
  135  17:35  Marauder  
  146  17:44  Siege Tank  
  146  17:45  Liberator  
  146  17:46  Siege Tank  
  146  17:49  Marine x2  
  146  17:50  Marine  
  157  17:51  Marauder  
  157  17:53  Viking  
  157  17:54  Marauder  
  157  17:56  Marauder  
  166  18:06  Liberator  
  166  18:07  Marine  
  166  18:09  Marine x2  
  171  18:12  Marauder  
  171  18:15  Marine  
  171  18:17  Marauder, Siege Tank, Widow Mine  
  179  18:20  Terran Infantry Armor Level 3  
  179  18:23  Viking  
  179  18:25  Marine  
  185  18:27  Liberator, Marine  
  185  18:33  Marauder  
  185  18:35  Marine x2  
  185  18:36  Liberator  
  185  18:38  Marine  
  159  18:43  Marine  
  159  18:44  SCV  
  159  18:45  Marine  
  159  18:46  Cyclone  
  144  18:49  Terran Vehicle Weapons Level 3, Siege Tank, Liberator  
  144  18:51  Command Center  
  144  18:53  Marauder, Marine  
  144  18:55  Marauder  
  154  18:56  Marine  
  154  19:00  Marine  
  151  19:05  Marine  
  155  19:10  Liberator  
  155  19:11  Marine  
  155  19:15  Marine, Marauder  
  155  19:16  Marauder  
  161  19:18  Cyclone, Liberator  
  161  19:19  Marine  
  161  19:21  Siege Tank  
  161  19:23  Marine  
  172  19:31  Liberator  
  172  19:32  Factory  
  172  19:34  Marauder  
  177  19:51  Siege Tank  
  183  19:53  Thor  
  189  20:01  Liberator  
  189  20:03  Planetary Fortress, Infernal Pre-Igniter  
  189  20:06  Missile Turret  
  189  20:10  Viking  
  191  20:14  Liberator  
  191  20:15  Widow Mine  
  190  20:22  Missile Turret  
  190  20:23  Hellion, Liberator  
  190  20:24  Marine x2  
  190  20:26  Marine  
  190  20:27  Marine  
  190  20:28  Marine x2  
  148  20:36  Siege Tank  
  148  20:42  Marine  
  145  20:44  Hellion, Liberator, Marine  
  145  20:45  Factory Tech Lab  
  148  20:51  Missile Turret  
  148  21:02  Marine  
  148  21:03  Cyclone  
  155  21:05  Siege Tank  
  155  21:07  Factory  
  155  21:08  Hellion  
  155  21:09  Marine  
  161  21:13  Marine  
  161  21:14  Marauder, Viking, Marine  
  161  21:16  SCV, Marine  
  149  21:18  Terran Vehicle And Ship Armor Level 2  
  149  21:20  Marine  
  149  21:23  Viking  
  149  21:24  SCV x3  
  123  21:27  SCV, Marine  
  123  21:29  Siege Tank  
  123  21:31  SCV, Marine  
  115  21:33  SCV  
  115  21:35  Marine  
  115  21:36  SCV  
  115  21:38  Siege Tank  
  106  21:41  Marine  
  106  21:43  SCV  
  106  21:44  Marine  
  106  21:46  SCV, Marine  
  106  21:47  SCV x2  
  101  21:49  SCV  
  101  21:52  Marine  
  90  21:58  SCV x2, Marine  
  90  22:00  SCV  
  90  22:01  Siege Tank, Marine  
  87  22:04  SCV x2  
  87  22:07  Viking  
  90  22:09  SCV, Thor  
  90  22:11  Viking  
  90  22:12  Marine  
  90  22:13  Marine x2  
  91  22:16  Marine  
  91  22:17  SCV  
  91  22:19  SCV, Marine  
  91  22:20  Liberator  
  89  22:23  SCV  
  89  22:24  Liberator  
  89  22:25  SCV  
  89  22:27  SCV  
  88  22:30  Marine  
  88  22:31  Marine x2  
  88  22:32  SCV  
  88  22:33  Siege Tank, Marine  
  88  22:34  SCV  
  88  22:36  SCV  
  88  22:37  Marine  
  98  22:47  SCV x2  
  98  22:48  Marine x2  
  98  22:49  Marine  
  96  22:52  Siege Tank  
  96  22:54  SCV, Marine  
  95  22:59  SCV  
  95  23:02  SCV, Liberator, Marine  
  91  23:05  Siege Tank, Marine  
  91  23:06  Liberator, Marine  
  91  23:07  SCV  
  91  23:09  SCV  
  91  23:10  Marine  
  91  23:12  Marine  
  93  23:17  SCV  
  87  23:20  Marine  
  87  23:21  SCV  
  87  23:23  Marine  
  87  23:25  Siege Tank  
  87  23:26  Marine  
  96  23:27  SCV  
  96  23:29  Marine  
  96  23:30  Marine  
  96  23:32  SCV  
  96  23:33  SCV  
  92  23:35  SCV  
  92  23:38  Hellion, Marine  
  90  23:41  Marine  
  90  23:43  Marine  
  90  23:45  Liberator  
  90  23:48  Marine  
  90  23:50  SCV  
  90  23:51  Marine  
  86  23:57  Siege Tank  
  86  23:59  Hellion, Marine x2  
  86  24:00  Liberator  
  86  24:01  Marine  
  92  24:06  Marine  
  92  24:08  SCV  
  92  24:09  SCV, Marine  
  90  24:11  SCV x2  
  90  24:17  Marine x2  
  90  24:19  Marine  
  90  24:21  Hellion  
  92  24:24  Marine  
  92  24:27  Marine  
  92  24:28  Command Center  
  92  24:29  Siege Tank  
  92  24:30  SCV  
  95  24:35  Marine x2  
  95  24:37  Marine  
  93  24:42  Hellion, Marine  
  93  24:45  Marine  
  88  24:50  Command Center  
  88  24:51  SCV  
  83  24:53  Marine  
  83  24:55  Marine  
  82  25:00  Marine  
  82  25:01  Siege Tank  
  82  25:02  Marine  
  80  25:12  Command Center, SCV  
  80  25:13  Marine x2  
  79  25:20  Marine  
  76  25:32  Command Center, SCV  
  76  25:33  Siege Tank  
  76  25:34  Starport  
  76  25:38  Marine  
  76  25:42  Factory  
  74  25:52  Command Center  
  74  25:55  Liberator  
  74  25:56  Marine  
  74  25:57  Armory  
  74  26:01  SCV  
  74  26:05  Siege Tank  
  74  26:12  Command Center  
  74  26:14  Marine  
  74  26:15  Barracks  
  74  26:16  Supply Depot  
  77  26:25  Hellion  
  79  26:31  Factory  
  80  26:37  Factory Tech Lab  
  78  26:41  SCV  
  78  26:45  Supply Depot  
  78  26:46  Hellion  
  77  26:48  SCV  
  77  26:59  SCV  
  77  27:00  Barracks  
  77  27:04  Marine  
  77  27:05  Starport  
  77  27:06  Liberator, Starport Tech Lab  
  77  27:07  Engineering Bay  
  76  27:09  Supply Depot, Factory Tech Lab  
  76  27:14  Engineering Bay  
  76  27:15  Hellion  
  75  27:17  Factory  
  75  27:19  SCV  
  75  27:22  Barracks Tech Lab  
  75  27:24  Liberator  
  75  27:27  Hellion  
  78  27:34  SCV  
  78  27:36  Hellion  
  79  27:37  Supply Depot  
  79  27:39  Marine  
  79  27:41  Armory  
  82  27:46  SCV  
  82  27:48  Siege Tank, Missile Turret  
  84  27:52  SCV  
  84  27:57  SCV  
  84  27:58  Hellion  
  85  28:01  SCV, Hellion  
  85  28:02  SCV  
  85  28:03  SCV  
  85  28:04  SCV  
  82  28:07  Liberator  
  82  28:09  SCV  
  76  28:13  SCV  
  76  28:15  SCV x2  
  76  28:16  SCV  
  76  28:19  Hellion  
  74  28:21  SCV  
  74  28:22  Widow Mine  
  74  28:23  Supply Depot  
  74  28:25  SCV  
  76  28:27  SCV  
  76  28:28  SCV  
  76  28:29  Barracks  
  75  28:35  SCV x2  
  75  28:40  SCV x2  
  65  28:51  Hellion  
  65  28:52  Supply Depot  
  64  28:56  SCV  
  64  28:57  SCV x3, Barracks  
  64  29:01  Command Center  
  62  29:07  Medivac  
  62  29:08  SCV  
  62  29:12  Hellion  
  62  29:13  SCV  
  62  29:16  SCV  
  59  29:17  Marine  
  59  29:18  SCV  
  59  29:20  Supply Depot, SCV  
  58  29:25  SCV  
  58  29:28  SCV  
  58  29:29  Factory  
  58  29:30  SCV  
  54  29:33  SCV  
  54  29:34  Engineering Bay  
  54  29:35  Marine  
  54  29:37  Starport Tech Lab  
  53  29:44  Marine  
  47  29:47  Starport  
  47  29:48  SCV  
  43  29:53  Marine  
  43  29:57  SCV  
  41  30:01  Marine  
  34  30:10  Marine  
  30  30:14  Factory Tech Lab, Orbital Command  
  30  30:19  Marine  
  29  30:22  SCV  
  29  30:23  SCV  
  29  30:24  Viking  
  28  30:28  Marine  
  28  30:33  Hellion  
  28  30:34  SCV  
  28  30:35  SCV  
  22  30:40  SCV, Barracks Tech Lab  
  22  30:46  SCV, Marine  
  24  30:51  SCV  
  24  30:52  SCV  
  23  31:04  Marine  
  23  31:09  SCV  
  7  32:00  SCV  
  7  32:12  SCV  
  6  32:24  SCV  
Tags
 
Composition
Bio TankMMM Bio
Matchup
TvT
Race
Terran
Replay Pack
中心协议 (3)
Add a new tag
Caveats
  • Supply blocks, unpowered buildings, or Contaminate may cause inaccurate times.
  • Supply counts are checked every 10 seconds.